[Event "Live Chess"]
[Site "Chess.com"]
[Date "2023.05.21"]
[Round "-"]
[White "BJAW87"]
[Black "risinghelios"]
[Result "0-1"]
[WhiteElo "1437"]
[BlackElo "1890"]
[TimeControl "300"]
[EndTime "16:14:16 PDT"]
[Termination "risinghelios won by resignation"]

1. e4 d5 2. exd5 Nf6 3. d4 Nxd5 4. Nf3 Bg4 5. Be2 Nc6 6. c3 e6 7. O-O Bd6 8. h3 h5 9. Ng5 Bxe2 10. Qxe2 Qd7 11. Nd2 O-O-O 12. Nde4 f6 13. Nxd6+ Qxd6 14. Nf7 Qe7 15. Nxd8 Rxd8 16. Re1 Re8 17. Qxh5 Nd8 18. Bd2 Nb6 19. b3 Nf7 20. c4 Rh8 21. Qf3 Kb8 22. d5 e5 23. c5 Nc8 24. b4 Rd8 25. Bc3 Qd7 26. Rad1 Qa4 27. Qe2 b6 28. cxb6 Nxb6 29. Rd2 Rxd5 30. Rxd5 Nxd5 31. Ba1 Nd6 32. Qg4 g5 33. Qe6 Nxb4 34. Qxf6 Nc6 35. Bxe5 Nxe5 36. Qxe5 Qc6 37. Qh8+ Kb7 38. Rb1+ Ka6 39. Qd4 Nb5 40. h4 Nxd4 0-1

[Event "Live Chess"]
[Site "Chess.com"]
[Date "2023.05.21"]
[Round "-"]
[White "Brooms1989"]
[Black "grillage"]
[Result "0-1"]
[WhiteElo "1088"]
[BlackElo "1847"]
[TimeControl "300"]
[EndTime "16:14:17 PDT"]
[Termination "grillage won by checkmate"]

1. e4 d5 2. exd5 Qxd5 3. Nc3 Qd8 4. d4 Nf6 5. Nf3 Bg4 6. Be3 e6 7. h3 Bxf3 8. Qxf3 c6 9. O-O-O Bb4 10. Bg5 Bxc3 11. Qxc3 Ne4 12. Qe3 Qxg5 13. Qxg5 Nxg5 14. Bd3 Nd7 15. h4 f6 16. hxg5 fxg5 17. Rxh7 Rxh7 18. Bxh7 O-O-O 19. Re1 Nf6 20. Bd3 Kd7 21. c3 Nd5 22.
Be2 Rf8 23. f3 Nf4 24. Bf1 Rh8 25. Re5 Rh1 26. Rxg5 Rxf1+ 27. Kd2 g6 28. Ke3 Nd5+ 29. Kd3 Ne7 30. Ke4 Rb1 31. b3 Rb2 32. Ke5 Rxa2 33. Rg3 Rc2 34. Kf6 Rxc3 35. Rh3 Kd6 36. Rh7 Nd5+ 37. Kxg6 Rxb3 38. Kg5 a5 39. Rh8 a4 40. Ra8 a3 41. g4 Nb4 42. Kf6 Na6 43. g5 a2 44. g6 a1=Q 45. Rd8+ Kc7 46. Re8 Qxd4+ 47. Kf7 Rxf3+ 48. Kg8 Rg3 49. Re7+ Kb6 50. Rxe6 Qd8+ 51. Kf7 Rf3+ 52. Kg7 Qd7+ 53. Kh8 Qxe6 54. g7 Rh3# 0-1

[Event "Live Chess"]
[Site "Chess.com"]
[Date "2023.05.21"]
[Round "-"]
[White "nigelst"]
[Black "JoshMcK"]
[Result "1/2-1/2"]
[WhiteElo "1801"]
[BlackElo "1522"]
[TimeControl "300"]
[EndTime "16:14:22 PDT"]
[Termination "Game drawn by repetition"]

1. e4 d6 2. d4 Nf6 3. Nc3 g6 4.
f4 Bg7 5. Nf3 O-O 6. Bd3 Nbd7 7.
O-O c6 8. Be3 Ng4 9. Bf2 Nxf2 10.
Rxf2 e5 11. dxe5 dxe5 12. fxe5 Nxe5 13. Nxe5 Bxe5 14. Rf1 Qh4 15. g3 Bxg3 16. hxg3 Qxg3+ 17. Kh1 Qh3+ 18. Kg1 Qg3+ 19. Kh1 Qh3+ 20. Kg1 Qg3+ 1/2-1/2

[Event "Live Chess"]
[Site "Chess.com"]
[Date "2023.05.21"]
[Round "-"]
[White "youtookmyhorse"]
[Black "birdseed45"]
[Result "0-1"]
[WhiteElo "731"]
[BlackElo "1865"]
[TimeControl "300"]
[EndTime "16:14:44 PDT"]
[Termination "birdseed45 won by checkmate"]

1. e4 c5 2. Nc3 Nc6 3. Nf3 g6 4. Bb5 Bg7 5. d4 cxd4 6. Bxc6 dxc3 7. b3 bxc6 8. O-O Nf6 9. e5 Nd5 10. Bg5 O-O 11. Qc1 Qc7 12. Bh6 d6 13. Bxg7 Kxg7 14. Ng5 dxe5 15. Qd1 Bf5 16. Qf3 e4 17. Qe2 Nf4 18.
Qc4 h6 19. Qxc3+ f6 20. g4 Bxg4 21. f3 Ne2+ 22. Kh1 Nxc3 23. Nxe4 Nxe4 24. fxe4 Rad8 25.
Rad1 Rxd1 26. Rxd1 Bxd1 27. c4 Qf4 28. a4 Bf3+ 29.
Kg1 Qg4+ 30. Kf2 Qg2+ 31. Ke3 Rd8 32. Kf4 g5+ 33. Kf5 Qg4# 0-1

[Event "Live Chess"]
[Site "Chess.com"]
[Date "2023.05.21"]
[Round "-"]
[White "xx_blindpuffin_xx"]
[Black "Long1968"]
[Result "1-0"]
[WhiteElo "2208"]
[BlackElo "1209"]
[TimeControl "300"]
[EndTime "16:14:52 PDT"]
[Termination "xx_blindpuffin_xx won by resignation"]

1. Nf3 d5 2. g3 c5 3. Bg2 Nc6 4. O-O e5 5. d3 Nf6 6. Nbd2 Bg4 7. c4 dxc4 8. Nxc4 Bd6 9. b3 O-O 10. Bb2 Re8 11. Rc1 Bxf3 12. Bxf3 Nd4 13. Bxb7 Rb8 14.
Bg2 Qc7 15. e3 Nf5 16. Qc2 e4 17. dxe4 Nxg3 18. hxg3 Bxg3 19. fxg3 Qxg3 20. Qf2 Qc7 21. Bxf6 gxf6 22. Qxf6 Re6 23. Qf4 Qb7 24. Nd6 Qc7 25. Nxf7 Qxf4 26. Rxf4 Rf8 27. Ng5 Rd8 28. Nxe6 1-0

[Event "Live Chess"]
[Site "Chess.com"]
[Date "2023.05.21"]
[Round "-"]
[White "Conradical12"]
[Black "educatedlad"]
[Result "0-1"]
[WhiteElo "1609"]
[BlackElo "1615"]
[TimeControl "300"]
[EndTime "16:15:00 PDT"]
[Termination "educatedlad won by checkmate"]

1. e4 d5 2. exd5 Qxd5 3. Nc3 Qd8 4. Nf3 Nf6 5. Bc4 e6 6. O-O b6 7. Re1 Bb7 8. d4 Nbd7 9. d5 Be7 10.
dxe6 fxe6 11. Bxe6 Nc5 12. Qe2 Nxe6 13. Qxe6 Bxf3 14.
gxf3 Qd7 15. Qxd7+ Nxd7 16. Bg5 Nf6 17. Nd5 Nxd5 18.
Bxe7 Nxe7 19. Re5 Kf7 20. Rd1 Rad8 21. Rde1 Rhe8 22. R5e4 Ng6 23. Rxe8 Rxe8 24. Rxe8 Kxe8 25. Kg2 Ne5 26. Kg3 Nc4 27. b3 Na3 28. c4 Ke7 29.
Kg4 Kf6 30. Kf4 Nc2 31. h4 Nd4 32. Ke4 c5 33. Kd5 Nxf3 34. Kc6 Nxh4 35. Kb7 Nf5 36. Kxa7 h5 37. Kxb6 h4 38. Kxc5 h3 39. Kb6 h2 40.
c5 h1=Q 41. c6 Qg1 42. c7 Qxf2+ 43. Kb7 Nd6+ 44. Kb8 Qc5 45. b4 Qb6+ 46. Ka8 Qb7# 0-1

[Event "Live Chess"]
[Site "Chess.com"]
[Date "2023.05.21"]
[Round "-"]
[White "ms_lilley"]
[Black "gmnorfolk"]
[Result "0-1"]
[WhiteElo "588"]
[BlackElo "2111"]
[TimeControl "300"]
[EndTime "16:15:08 PDT"]
[Termination "gmnorfolk won by checkmate"]

1. d4 Nf6 2. e3 g6 3. Nf3 Bg7 4. d5 O-O 5. c4 c6 6. Nc3 cxd5 7.
Nxd5 Nxd5 8. cxd5 d6 9. e4 Nd7 10. a4 Nf6 11. Bd3 Nd7 12. Ra2 Nf6 13. b4 e6 14. b5 exd5 15. e5 dxe5 16. Nxe5 Re8 17.
Bb2 Nh5 18. O-O Bxe5 19. Bxe5 Rxe5 20. Bxg6 hxg6 21. g3 Nf6 22. Kg2 Bf5 23. Qf3 Be4 24. Qxe4 dxe4 25. Re2 e3 26. fxe3 Qd5+ 27. Kh3 Rh5# 0-1

[Event "Live Chess"]
[Site "Chess.com"]
[Date "2023.05.21"]
[Round "-"]
[White "Cimon"]
[Black "CameronM1234"]
[Result "1-0"]
[WhiteElo "1869"]
[BlackElo "1095"]
[TimeControl "300"]
[EndTime "16:15:12 PDT"]
[Termination "Cimon won by resignation"]

1. Nf3 g6 2. d4 Bg7 3. c4 d6 4.
Nc3 Nf6 5. e4 O-O 6. h3 h6 7.
Be3 c5 8. d5 e6 9. Bd3 exd5 10.
cxd5 Nbd7 11. O-O Ne5 12. Nxe5 dxe5 13. Bxc5 Re8 14. Qb3 b6 15. Be3 Nd7 16. Na4 Qc7 17. Rac1 Qd6 18. Bb5 Bb7 19. Bc6 Bxc6 20. Rxc6 Qb8 21.
Rfc1 b5 22. Nc3 Rc8 23. Qxb5 Qxb5 24. Nxb5 Rxc6 25. dxc6 Nb6 26. c7 Rc8 27. Nxa7 Rxc7 28. Rxc7 1-0

[Event "Live Chess"]
[Site "Chess.com"]
[Date "2023.05.21"]
[Round "-"]
[White "toog"]
[Black "stevochess11"]
[Result "1-0"]
[WhiteElo "2582"]
[BlackElo "1741"]
[TimeControl "300"]
[EndTime "16:15:34 PDT"]
[Termination "toog won by resignation"]

1. e4 c5 2. d4 g6 3. dxc5 Bg7 4. c3 Nc6 5. Be3 Qa5 6. Nd2 Nf6 7. Ngf3 O-O 8. Be2 Ng4 9. Bd4 e5 10. Nc4 Qc7 11. Be3 b5 12. cxb6 axb6 13. Bxb6 Qb7 14. h3 Nf6 15. Qc2 Ra6 16. Bc5 Nh5 17. Bxf8 Bxf8 18. g3 Bh6 19. b4 Ne7 20. Ncxe5 Re6 21.
Bc4 d5 22. exd5 Nxd5 23. O-O Bg7 24. Rad1 Bxe5 25. Bxd5 Qc7 26. Bxe6 Bxe6 27. Nxe5 Qxe5 28. Rfe1 Qf5 29. Qxf5 1-0

[Event "Live Chess"]
[Site "Chess.com"]
[Date "2023.05.21"]
[Round "-"]
[White "AbilifyXL"]
[Black "JoeyCage"]
[Result "1-0"]
[WhiteElo "1979"]
[BlackElo "2294"]
[TimeControl "300"]
[EndTime "16:15:42 PDT"]
[Termination "AbilifyXL won by checkmate"]

1. d4 g6 2. c4 Bg7 3. Nc3 d6 4. e4 Nc6 5. Be3 e5 6. d5 Nd4 7. Nge2 Bg4 8. Qd2 Bxe2 9. Nxe2 Nxe2 10. Bxe2 Ne7 11. O-O O-O 12. Rad1 f5 13. exf5 Nxf5 14. Bg4 Qe7 15. h3 h5 16. Bxf5 gxf5 17. Bh6 Qf6 18.
Bxg7 Kxg7 19. b4 Kh7 20. c5 Rg8 21. cxd6 cxd6 22. Rc1 Rg7 23. Rc3 f4 24. Rfc1 Rag8 25. Rc7 Qg6 26. f3 Kh6 27. Rxg7 Rxg7 28. Qf2 a6 29. a4 e4 30. fxe4 Qxe4 31. Re1 Rxg2+ 32. Qxg2 Qxe1+ 33. Kh2 Qe5 34. Qf3 Kg5 35. Qg2+ Kf5 36.
Qf3 Kf6 37. h4 Qf5 38. Qc3+ Kg6 39. Qh8 Qg4 40. Qe8+ Kf5 41. Qe6# 1-0

[Event "Live Chess"]
[Site "Chess.com"]
[Date "2023.05.21"]
[Round "-"]
[White "LiamClery2020"]
[Black "SupremeTactician"]
[Result "0-1"]
[WhiteElo "2065"]
[BlackElo "2339"]
[TimeControl "300"]
[EndTime "16:15:56 PDT"]
[Termination "SupremeTactician won by resignation"]

1. e4 e5 2. Nc3 Bc5 3. Qg4 Qf6 4.
Qg3 c6 5. Nf3 d6 6. Na4 Bb6 7.
Nxb6 axb6 8. c3 Be6 9. d4 exd4 10. cxd4 Nd7 11. Bd3 Ne7 12. e5 dxe5 13. dxe5 Nxe5 14. Qxe5 Qxe5+ 15. Nxe5 Ra5 16. Nf3 O-O 17. O-O Rd8 18.
Be3 Rxd3 19. Rad1 Rxd1 20. Rxd1 f6 21. a3 Rb5 22. Nd4 Re5 23. Nxe6 Rxe6 24. Rd8+ Kf7 25. Rb8 Nd5 26. Rxb7+ Re7 27. Rxe7+ Kxe7 28. Kf1 Nxe3+ 29. fxe3 Kd6 30. Ke2 Kd5 31. Kd3 f5 32. h4 g6 33. g3 h6 34. b3 g5 35. hxg5 hxg5 36. a4 c5 37. Kd2 Ke4 38. Ke2 g4 39. Kd2 Kf3 40. Kd3 Kxg3 41. a5 bxa5 0-1

[Event "Live Chess"]
[Site "Chess.com"]
[Date "2023.05.21"]
[Round "-"]
[White "mikkyb4"]
[Black "wadsy27"]
[Result "0-1"]
[WhiteElo "1030"]
[BlackElo "2567"]
[TimeControl "300"]
[EndTime "16:15:57 PDT"]
[Termination "wadsy27 won by resignation"]

1. e4 c5 2. a3 d5 3. exd5 Qxd5 4. Nc3 Qd8 5. b4 cxb4 6. axb4 Nf6 7. Nf3 e6 8. Ne5 Nbd7 9. Bb5 Bd6 10. d4 O-O 11. O-O Nxe5 12. dxe5 Bxe5 13. Qxd8 Rxd8 14. Bb2 Bd7 15. Bxd7 Rxd7 16. Rfe1 Bd4 17. Rad1 Rc8 18.
Rd3 Bxc3 19. Rxd7 Nxd7 20. Bxc3 Rxc3 21. Rd1 Rc7 22. c4 Kf8 23. c5 Ke7 24. Kf1 b6 25.
cxb6 axb6 26. Ra1 Rc4 27. b5 Rb4 28. Ra7 Rxb5 29. Ke2 Rb1 30. Rb7 Kd6 31. Ke3 Ra1 32. Ke4 Kc6 0-1

[Event "Live Chess"]
[Site "Chess.com"]
[Date "2023.05.21"]
[Round "-"]
[White "WelshTiger"]
[Black "Shepherds_Pie"]
[Result "1/2-1/2"]
[WhiteElo "2362"]
[BlackElo "1927"]
[TimeControl "300"]
[EndTime "16:15:58 PDT"]
[Termination "Game drawn by repetition"]

1. e4 e6 2. Nf3 d5 3. e5 c5 4. b4 b6 5. Bb5+ Bd7 6. Qe2 a6 7.
Bxd7+ Qxd7 8. a3 Nc6 9. c3 Nh6 10. d4 Nf5 11. Be3 cxd4 12. cxd4 h5 13. O-O Be7 14. Nc3 b5 15. Qd3 Rc8 16. Ne2 g6 17. Rac1 O-O 18. Bg5 Bxg5 19. Nxg5 Nce7 20. Rc5 Rc6 21.
Rfc1 Rfc8 22. Nf3 Rxc5 23. dxc5 Nc6 24. Qc3 Qe7 25. Re1 Rd8 26. Ned4 Nfxd4 27. Nxd4 Rc8 28. a4 Nxd4 29. Qxd4 Rc6 30. axb5 axb5 31. Ra1 Qb7 32. h4 Ra6 33. Rxa6 Qxa6 34. g3 Kg7 35. Qc3 Qc6 36.
Qf3 Kg8 37. Qf6 Qd7 38. Kf1 d4 39. Ke2 Qd5 40. Qe7 Qc4+ 41. Kf3 Qd3+ 42. Kg2 Qe4+ 43. Kh2 d3 44. Qd6 Qe2 45. c6 Qxf2+ 46. Kh3 d2 47. c7 Qf5+ 48. Kh2 Qc2 49. Kh3 Qf5+ 50. Kg2 Qe4+ 51. Kh2 Qe2+ 52. Kh3 Qf1+ 53. Kh2 Qf2+ 54. Kh3 Qf5+ 1/2-1/2

[Event "Live Chess"]
[Site "Chess.com"]
[Date "2023.05.21"]
[Round "-"]
[White "Missedidea"]
[Black "wot-not"]
[Result "1-0"]
[WhiteElo "1818"]
[BlackElo "1543"]
[TimeControl "300"]
[EndTime "16:16:12 PDT"]
[Termination "Missedidea won on time"]

1. d4 Nf6 2. c4 c5 3. d5 d6 4. Nc3 e5 5. e4 Be7 6. Nf3 Nbd7 7. Be2 Nf8 8. O-O Ng6 9. g3 h5 10. h4 Bg4 11. Ng5 Bxe2 12. Qxe2 O-O 13. Bd2 a6 14. a3 Rb8 15. b4 cxb4 16. axb4 Qb6 17. Rfb1 Ng4 18.
Na4 Qd8 19. c5 Bxg5 20. Bxg5 f6 21. Bd2 f5 22. Be1 f4 23. Nb6 f3 24. Qd2 Nxh4 25.
Nc4 Ng2 26. Nxd6 h4 27. Nf5 h3 28.
d6 h2+ 29. Kh1 g6 30. Ne7+ Kg7 31. Ra3 Rh8 32. Rxf3 Nxe1 33. Qxe1 Qd7 34. Qf1 Rbf8 35. Rbb3 Qe6 36. Rbc3 Rxf3 37. Rxf3 Rf8 38. Rxf8 Kxf8 39. f3 Ne3 40. Qe1 Qa2 41. Nxg6+ Kg7 42. Nh4 Ng2 43.
Nxg2 1-0

[Event "Live Chess"]
[Site "Chess.com"]
[Date "2023.05.21"]
[Round "-"]
[White "Olisingapore"]
[Black "Ed_Knox"]
[Result "0-1"]
[WhiteElo "1822"]
[BlackElo "1465"]
[TimeControl "300"]
[EndTime "16:16:15 PDT"]
[Termination "Ed_Knox won by resignation"]

1. d4 g6 2. c4 Bg7 3. g3 d6 4.
Bg2 Nd7 5. Nc3 e5 6. Nf3 exd4 7. Nxd4 Ngf6 8. O-O O-O 9. e4 Ne5 10. b3 Be6 11. Re1 Qd7 12. Bb2 Bh3 13. Qe2 Bxg2 14. Kxg2 Rfe8 15. h3 Nc6 16. Nxc6 Qxc6 17. f3 Re7 18. Rad1 Rae8 19. Rd4 Nd7 20. Rd3 Ne5 21. Rd5 Nd7 22. Bc1 Bxc3 23. Bg5 Bf6 24. Bxf6 Nxf6 25.
Qd2 Nxd5 26. cxd5 Qd7 27. Qe3 f5 28. Qxa7 fxe4 29. fxe4 Rxe4 30. Rxe4 Rxe4 31. Qxb7 Qf7 32. Qc8+ Kg7 33. Qg4 Qxd5 34. Qd7+ Qf7 35. Qb5 Re5 36.
Qd3 Qd5+ 37. Qxd5 Rxd5 38. Kf3 Rd2 39. a4 Rb2 0-1

[Event "Live Chess"]
[Site "Chess.com"]
[Date "2023.05.21"]
[Round "-"]
[White "sanjesh_ananda"]
[Black "JohanKjeldahl"]
[Result "0-1"]
[WhiteElo "1294"]
[BlackElo "1874"]
[TimeControl "300"]
[EndTime "16:16:15 PDT"]
[Termination "JohanKjeldahl won by resignation"]

1. e4 c5 2. Bc4 e6 3. Nc3 a6 4.
a4 Nc6 5. Nf3 Qc7 6. O-O Nf6 7. d4 cxd4 8. Nxd4 Be7 9. f4 Nxd4 10.
Qxd4 Bc5 11. Be3 Bxd4 0-1

[Event "Live Chess"]
[Site "Chess.com"]
[Date "2023.05.21"]
[Round "-"]
[White "manthanit"]
[Black "WilliamofOrange16th"]
[Result "0-1"]
[WhiteElo "1054"]
[BlackElo "1845"]
[TimeControl "300"]
[EndTime "16:16:16 PDT"]
[Termination "WilliamofOrange16th won by checkmate"]

1. e4 d6 2. Nf3 Nf6 3. Nc3 e5 4. d4 Nbd7 5. dxe5 dxe5 6. Bg5 c6 7.
Bxf6 Qxf6 8. Bc4 b5 9. Bb3 Nc5 10. a4 b4 11. Ne2 Nxb3 12. cxb3 Bg4 13. Ng3 Rd8 14. Qe2 Be7 15. O-O O-O 16. h3 Be6 17. Qe3 c5 18. Rfd1 g6 19. Rd3 Rxd3 20. Qxd3 Rd8 21. Qe2 Bxb3 22. a5 c4 23. Nd2 Rd3 24. Nxb3 Rxb3 25. Rb1 c3 26. Qc4 Rxb2 27. Rxb2 cxb2 28.
Qb3 Qd6 29. Qxb2 Qd1+ 30. Kh2 Bd6 31. f3 b3 32. Qf2 Qd4 33. Qe2 b2 34. Qb5 Bc5 35.
Ne2 Qb4 36. Qe8+ Bf8 37. Qxe5 b1=Q 38. Qf6 Qb8+ 39. f4 Qxe4 40. Ng3 Qexf4 41. Qc3 Bd6 42.
a6 Qxg3+ 43. Qxg3 Bxg3+ 44. Kh1 Qb1# 0-1

[Event "Live Chess"]
[Site "Chess.com"]
[Date "2023.05.21"]
[Round "-"]
[White "LodeshChess"]
[Black "jimwad"]
[Result "1-0"]
[WhiteElo "1147"]
[BlackElo "1209"]
[TimeControl "300"]
[EndTime "16:16:23 PDT"]
[Termination "LodeshChess won by resignation"]

1. e4 e5 2. Nf3 Nc6 3. c3 f6 4. d4 exd4 5. cxd4 Bb4+ 6. Nc3 Nge7 7. a3 Ba5 8. b4 Bb6 9. Bb5 O-O 10. e5 fxe5 11. Bxc6 Nxc6 12. Qb3+ Kh8 13. Ng5 Nxd4 14. Qc4 Nc2+ 15. Kd1 d5 16. Qh4 h6 17. Nf7+ Kg8 18.
Nxd8 Nxa1 19. Bxh6 Bxf2 20. Qg5 1-0

[Event "Live Chess"]
[Site "Chess.com"]
[Date "2023.05.21"]
[Round "-"]
[White "EdenHazard8"]
[Black "NAZRIZ1977"]
[Result "0-1"]
[WhiteElo "2013"]
[BlackElo "2062"]
[TimeControl "300"]
[EndTime "16:16:33 PDT"]
[Termination "NAZRIZ1977 won by resignation"]

1. e4 c5 2. Nc3 Nc6 3. f4 g6 4.
Nf3 Bg7 5. Bb5 Nd4 6. O-O e6 7. d3 Ne7 8. Ba4 O-O 9. Qe1 d5 10. Qh4 Nec6 11. Qh3 e5 12. f5 Nxf3+ 13. Rxf3 Nd4 14.
Rg3 b5 15. Nxb5 Nxb5 16. Bxb5 dxe4 17. dxe4 Qd1+ 18. Bf1 Ba6 19. Rf3 Rad8 20. f6 Bh8 21. b4 Qd4+ 22. Kh1 Qxa1 23. Ba3 Bxf1 0-1

[Event "Live Chess"]
[Site "Chess.com"]
[Date "2023.05.21"]
[Round "-"]
[White "mattihelenius2"]
[Black "CeladonFish"]
[Result "0-1"]
[WhiteElo "489"]
[BlackElo "1127"]
[TimeControl "300"]
[EndTime "16:16:50 PDT"]
[Termination "CeladonFish won by checkmate"]

1. d4 Nf6 2. c4 g6 3. Nf3 Bg7 4. e3 O-O 5. Nbd2 d5 6. c5 b6 7. c6 Qd6 8. Bb5 a6 9. Ba4 b5 10. Ne5 Nxc6 11. Nxc6 Qxc6 12. Bb3 a5 13. O-O a4 14.
Bc2 Qd6 15. Nf3 Bg4 16. h3 Bxf3 17. Qxf3 c5 18. dxc5 Qxc5 19. Bf5 gxf5 20. b3 axb3 21. a3 Ne4 22. Bb2 Bxb2 23. Rab1 Bxa3 24. Qxf5 Nd2 25. Qg5+ Kh8 26. Rbc1 Bxc1 27. Qe5+ f6 28. Qe6 Nxf1 29. Kxf1 Qc4+ 30. Kg1 Bb2 31. Qxe7 Rae8 32. Qd6 Be5 33.
Qd7 Qc1# 0-1

[Event "Live Chess"]
[Site "Chess.com"]
[Date "2023.05.21"]
[Round "-"]
[White "Daniel_Gliddon_FA"]
[Black "AlanPaling"]
[Result "0-1"]
[WhiteElo "1204"]
[BlackElo "1330"]
[TimeControl "300"]
[EndTime "16:16:58 PDT"]
[Termination "AlanPaling won by resignation"]

1. e4 Nf6 2. e5 Nd5 3. c4 Nb6 4. d4 d6 5. Nf3 Bg4 6. Be2 e6 7. O-O Be7 8. Be3 O-O 9. Nbd2 dxe5 10. Nxe5 Bxe2 11. Qxe2 N8d7 12. f4 c5 13. Nxd7 Nxd7 14. f5 exf5 15. Rxf5 cxd4 16. Bxd4 Nf6 17. Rg5 h6 18.
Rg3 Kh8 19. Bxf6 Bxf6 20. Rh3 Qd4+ 21. Qe3 Qxb2 22. Rf1 Bd4 0-1

[Event "Live Chess"]
[Site "Chess.com"]
[Date "2023.05.21"]
[Round "-"]
[White "Brooms1989"]
[Black "Jo1ts"]
[Result "1-0"]
[WhiteElo "1090"]
[BlackElo "776"]
[TimeControl "300"]
[EndTime "16:16:59 PDT"]
[Termination "Brooms1989 won by checkmate"]

1. e4 d5 2. exd5 Qxd5 3. Nc3 Qd8 4. d4 Nf6 5. Nf3 Bg4 6. Be2 e6 7. h3 Bh5 8. O-O Nc6 9. Be3 Bd6 10. Bg5 h6 11. Bxf6 Qxf6 12. Ne4 Qf4 13. Nxd6+ Qxd6 14. c3 O-O 15. Qd3 Bxf3 16. Bxf3 e5 17. Bd1 exd4 18. Bc2 dxc3 19. Qh7# 1-0

[Event "Live Chess"]
[Site "Chess.com"]
[Date "2023.05.21"]
[Round "-"]
[White "gmnorfolk"]
[Black "Conradical12"]
[Result "1-0"]
[WhiteElo "2112"]
[BlackElo "1608"]
[TimeControl "300"]
[EndTime "16:17:02 PDT"]
[Termination "gmnorfolk won by resignation"]

1. d4 d5 2. c4 Nf6 3. cxd5 Nxd5 4. Nf3 Nc6 5. e4 Nf6 6. Nc3 e6 7. e5 Nd5 8. Bd3 Bb4 9. Bd2 O-O 10. O-O f6 11. exf6 Nxf6 12. a3 Nxd4 13. Nxd4 Qxd4 14. Be3 Qd7 15. axb4 Rd8 16. Qc2 Qxd3 17. Qxd3 Rxd3 18. Rxa7 Rxe3 19. Rxa8 Rxc3 20. Rxc8+ Kf7 21. bxc3 1-0

[Event "Live Chess"]
[Site "Chess.com"]
[Date "2023.05.21"]
[Round "-"]
[White "LL220284LL"]
[Black "ShanthamGrarks"]
[Result "1-0"]
[WhiteElo "2391"]
[BlackElo "1975"]
[TimeControl "300"]
[EndTime "16:17:05 PDT"]
[Termination "LL220284LL won on time"]

1. Nf3 d6 2. b3 e5 3. d4 e4 4. Nfd2 d5 5. e3 f5 6. c4 c6 7. Ba3 Bxa3 8. Nxa3 Nf6 9. Nc2 O-O 10. Be2 Be6 11. O-O Nbd7 12. f3 Qc7 13. f4 Ng4 14. h3 Ngf6 15. g3 a5 16. Kh2 g6 17. Rg1 Kh8 18.
Ne1 Rg8 19. Ng2 g5 20. fxg5 Rxg5 21. Nf4 Qd6 22. Rb1 Rag8 23. c5 Qe7 24. Nf1 Bf7 25.
b4 axb4 26. Qa4 Bh5 27. Bxh5 Nxh5 28. Qxb4 Nxf4 29. exf4 R5g7 30. Ne3 Qd8 31. Rb2 Nf6 32. Nxf5 e3 33. Nxg7 Rxg7 34. Re2 Qe7 35. Qb3 Ne4 36. Rxe3 Qf6 37. Qd3 h5 38. Rxe4 dxe4 39. Qxe4 h4 40. Qe8+ Kh7 41. Qh5+ Kg8 42. Re1 hxg3+ 43. Kg2 Rg6 44.
f5 Rh6 45. Re8+ Kh7 46. Qg4 Qf7 47. Qe2 Qd5+ 48. Kg1 Qxd4+ 49. Kg2 Qd5+ 50. Kxg3 Qxf5 51. Qe7+ Kg6 52. Rg8+ Kh5 53. Qe2+ 1-0

[Event "Live Chess"]
[Site "Chess.com"]
[Date "2023.05.21"]
[Round "-"]
[White "yeetpizza74"]
[Black "KGreenGator"]
[Result "0-1"]
[WhiteElo "458"]
[BlackElo "1762"]
[TimeControl "300"]
[EndTime "16:17:07 PDT"]
[Termination "KGreenGator won by checkmate"]

1. e4 c5 2. Nf3 Nc6 3. d4 cxd4 4. Nxd4 e5 5. Nxc6 bxc6 6. Bd3 Nf6 7. O-O Bb7 8. f3 Bc5+ 9. Kh1 O-O 10. Bg5 Be7 11.
Bxf6 Bxf6 12. f4 d5 13. fxe5 Bxe5 14. exd5 Bxb2 15. dxc6 Bxc6 16. Qh5 g6 17. Qh3 Bxa1 18. Re1 Bg7 19. Nc3 Re8 20. Rxe8+ Qxe8 21. Qg3 Bxc3 22. Bf1 Qe1 23. Qxe1 Bxe1 24. Kg1 Rd8 25. Be2 Ba5 26. h3 Rd2 27. Kf2 Bb6+ 28. Ke1 Rxc2 29. Bf3 Bxf3 30. gxf3 Rxa2 31. f4 Rf2 32. Kd1 Kf8 33. h4 Ke7 34. f5 Kd6 35. fxg6 fxg6 36. h5 gxh5 37. Ke1 Kd5 38. Kd1 Kc4 39. Kc1 Kc3 40. Kb1 Rc2 41.
Ka1 Kb3 42. Kb1 Rc4 43. Ka1 Rc1# 0-1

[Event "Live Chess"]
[Site "Chess.com"]
[Date "2023.05.21"]
[Round "-"]
[White "HD_IN4k"]
[Black "LiamBellwood"]
[Result "0-1"]
[WhiteElo "404"]
[BlackElo "2060"]
[TimeControl "300"]
[EndTime "16:17:09 PDT"]
[Termination "LiamBellwood won by resignation"]

1. d4 e6 2. c4 f5 3. f3 Nf6 4. e4 fxe4 5. fxe4 Nxe4 6. Bd3 Bb4+ 7. Bd2 Bxd2+ 8. Nxd2 Nf6 9. Ngf3 O-O 10. c5 b6 11. g4 Ba6 12. Bxa6 Nxa6 13. g5 Ng4 14.
Ne5 Nxe5 15. dxe5 Qxg5 16. Rf1 Nxc5 17. Rxf8+ Rxf8 18. Qe2 Qg1+ 19. Qf1 Rxf1+ 20. Nxf1 Ne4 21. O-O-O Qg5+ 22. Nd2 Nxd2 23. Rxd2 Qxe5 24. b4 Qa1+ 25. Kc2 Qxa2+ 26. Kd3 Qxd2+ 27. Kxd2 a5 28. bxa5 bxa5 29. Kc3 e5 30. h4 a4 31. Kb4 e4 32. Kxa4 e3 33. Kb3 e2 34. Kc2 e1=Q 35. Kd3 Qxh4 36. Ke3 0-1

[Event "Live Chess"]
[Site "Chess.com"]
[Date "2023.05.21"]
[Round "-"]
[White "DRS44"]
[Black "HoarseyHorsey"]
[Result "0-1"]
[WhiteElo "1351"]
[BlackElo "1433"]
[TimeControl "300"]
[EndTime "16:17:15 PDT"]
[Termination "HoarseyHorsey won by checkmate"]

1. e4 c5 2. c3 e6 3. d4 d5 4. e5 Nc6 5. Nf3 Bd7 6. Bd3 cxd4 7. cxd4 Qb6 8. O-O Nxd4 9. Nxd4 Qxd4 10. Nc3 a6 11. Qe2 Ne7 12. Kh1 Nc6 13. f4 Nb4 14.
Rd1 Bc5 15. Qg4 Nxd3 16. Rxd3 Qg1# 0-1

[Event "Live Chess"]
[Site "Chess.com"]
[Date "2023.05.21"]
[Round "-"]
[White "domrobson"]
[Black "Singapourfeuj"]
[Result "0-1"]
[WhiteElo "1770"]
[BlackElo "2216"]
[TimeControl "300"]
[EndTime "16:17:16 PDT"]
[Termination "Singapourfeuj won by resignation"]

1. d4 Nf6 2. c4 g6 3. Nc3 Bg7 4.
e4 d6 5. Be2 O-O 6. Bg5 c5 7.
d5 h6 8. Be3 b5 9. cxb5 a6 10.
Qd2 axb5 11. Bxb5 Ba6 12. Bxa6 Nxa6 13. Bxh6 e6 14. Bxg7 Kxg7 15. Nf3 exd5 16. exd5 Re8+ 17. Ne2 Nb4 18. O-O Nbxd5 19. Nc3 Nb4 20. a3 Nc6 21. Rfd1 Ne5 22. Nxe5 dxe5 23. Qe3 Qe7 24. Nd5 Qb7 25. Nxf6 Kxf6 26. Qxc5 Qxb2 27. Qb4 Qxb4 28. axb4 Rxa1 29. Rxa1 Rb8 30. Rb1 Rb5 31. Kf1 e4 32. Ke2 Ke5 33.
Ke3 f5 34. g3 g5 35. h3 f4+ 36. gxf4+ gxf4+ 37. Ke2 Kd4 38. Rb3 Kc4 39. Rb1 Kc3 40. h4 Kc2 41. Rh1 Rxb4 42. h5 Rb3 43. h6 f3+ 0-1

[Event "Live Chess"]
[Site "Chess.com"]
[Date "2023.05.21"]
[Round "-"]
[White "Tushinskiy"]
[Black "whitedjohn"]
[Result "1-0"]
[WhiteElo "2170"]
[BlackElo "1650"]
[TimeControl "300"]
[EndTime "16:17:22 PDT"]
[Termination "Tushinskiy won by checkmate"]

1. d4 Nf6 2. c3 d5 3. Nf3 Bg4 4. Bf4 e6 5. Nbd2 Bd6 6. Bg3 Bxg3 7. hxg3 Nc6 8. Qc2 Qe7 9. e4 dxe4 10. Nxe4 Nxe4 11.
Qxe4 Bf5 12. Qe3 O-O-O 13. Bb5 Nb8 14. O-O c6 15. Ba4 Nd7 16. b4 Nb6 17. Bb3 Nd5 18.
Bxd5 cxd5 19. a4 Bg4 20. Ne5 Bf5 21. Nf3 f6 22. Rfe1 Rde8 23. b5 Qd6 24. a5 Bg4 25.
Nh2 Bf5 26. b6 a6 27. Nf3 Kb8 28. Nd2 e5 29. c4 dxc4 30. Nxc4 Qxd4 31. Qxd4 exd4 32. Nd6 Rxe1+ 33. Rxe1 Bg6 34. f4 Rd8 35. f5 Rxd6 36. fxg6 Rd8 37. gxh7 Rh8 38. Re7 Rxh7 39. Re8# 1-0

[Event "Live Chess"]
[Site "Chess.com"]
[Date "2023.05.21"]
[Round "-"]
[White "raminguy"]
[Black "CheckThis4"]
[Result "0-1"]
[WhiteElo "1959"]
[BlackElo "2540"]
[TimeControl "300"]
[EndTime "16:17:23 PDT"]
[Termination "CheckThis4 won by resignation"]

1. d4 Nf6 2. Nc3 d5 3. Bf4 c5 4. e4 e6 5. Nb5 Na6 6. dxc5 Nxe4 7. b4 Qf6 8. Bg3 Bd7 9. a3 h5 10.
Nf3 h4 11. Be5 Qg6 12. h3 Be7 13. Bd3 Qxg2 14. Rf1 f6 15. Bh2 Qxh3 16. c4 O-O 17. cxd5 exd5 0-1